SAAA
NOLENSVILLE KNIGHTS @ PLYMOUTH ROCKS
09/02/2041
 
TOP OF THE 1ST
Nolensville Knights batting - Pitching for Plymouth Rocks : LHP Ricardo Fraga
Pitching: LHP Ricardo Fraga
Batting: RHB Pat Kramer 0-0: Ball
1-0: Ball
2-0: Swinging Strike
2-1: Swinging Strike
2-2: Foul Ball, location: 2F
2-2: Foul Ball, location: 2F
2-2: Strikes out looking
Batting: RHB José García 0-0: Foul Ball, location: 2F
0-1: Ball
1-1: Ground out 4-3 (Groundball, 4, EV 86.9 MPH)
Batting: RHB Carlos Garza 0-0: Called Strike
0-1: Swinging Strike
0-2: Foul Ball, location: 2F
0-2: Ball
1-2: Foul Ball, location: 2F
1-2: Ball
2-2: Fly out, F4 (Popup, 13S, EV 89.4 MPH)
Top of the 1st over - 0 runs, 0 hits, 0 errors, 0 left on base; Nolensville 0 - Plymouth 0
BOTTOM OF THE 1ST
Plymouth Rocks batting - Pitching for Nolensville Knights : RHP Joe Holland
Pitching: RHP Joe Holland
Batting: RHB Miguel Contreras 0-0: Called Strike
0-1: Foul Ball, location: 2F
0-2: Foul Ball, location: 2F
0-2: Ball
1-2: Strikes out swinging, 2-3 out at first.
Batting: RHB Tony Randolph 0-0: Fly out, F7 (Flyball, 7S, EV 75.0 MPH)
Batting: LHB Jesús Guillén 0-0: Ball
1-0: Ball
2-0: Called Strike
2-1: Swinging Strike
2-2: Ball
3-2: Base on Balls
Batting: RHB Elias den Blick 0-0: Called Strike
0-1: Ball
1-1: Swinging Strike
1-2: Strikes out swinging
Bottom of the 1st over - 0 runs, 0 hits, 0 errors, 1 left on base; Nolensville 0 - Plymouth 0
TOP OF THE 2ND
Nolensville Knights batting - Pitching for Plymouth Rocks : LHP Ricardo Fraga
Batting: RHB Greg Bugarin 0-0: Called Strike
0-1: Ball
1-1: SOLO HOME RUN (Flyball, 7D, EV 103.8 MPH), Distance : 405 ft
Batting: LHB Juan Jimínez 0-0: Foul Ball, location: 2F
0-1: Ball
1-1: SINGLE (Groundball, P, EV 85.6 MPH) (infield hit)
Batting: RHB Ace Felder 0-0: Ball
1-0: Ball
2-0: Ball
3-0: Called Strike
3-1: Swinging Strike
3-2: Strikes out looking
Juan Jimínez is caught stealing 2nd base 2-4
Batter strikes out.
Batting: LHB Brenton Winston 0-0: Called Strike
0-1: Ball
1-1: Swinging Strike
1-2: Foul Ball, location: 2F
1-2: Ball
2-2: Foul Ball, location: 2F
2-2: Ball
3-2: Strikes out looking
Top of the 2nd over - 1 run, 2 hits, 0 errors, 0 left on base; Nolensville 1 - Plymouth 0
BOTTOM OF THE 2ND
Plymouth Rocks batting - Pitching for Nolensville Knights : RHP Joe Holland
Batting: RHB Chris McBride 0-0: Called Strike
0-1: Ball
1-1: Fly out, F9 (Flyball, 89D, EV 102.5 MPH)
Batting: LHB Mihai Dumitru 0-0: Called Strike
0-1: Ball
1-1: Ball
2-1: SINGLE (Groundball, 25, EV 70.0 MPH) (infield hit)
Batting: RHB Curt Taylor 0-0: Fly out, F6 (Popup, P, EV 68.8 MPH)
Batting: RHB António Avery 0-0: Ball
1-0: Called Strike
1-1: Foul Ball, location: 2F
1-2: Strikes out looking
Bottom of the 2nd over - 0 runs, 1 hit, 0 errors, 1 left on base; Nolensville 1 - Plymouth 0
TOP OF THE 3RD
Nolensville Knights batting - Pitching for Plymouth Rocks : LHP Ricardo Fraga
Pitching: RHP Jesús Fernández
Batting: LHB Ánibal Leobardo 0-0: Called Strike
0-1: Ball
1-1: Foul Ball, location: 2F
1-2: Ball
2-2: Fly out, F4 (Flyball, 34D, EV 80.6 MPH)
Batting: RHB Juan Perales 0-0: Ball
1-0: Called Strike
1-1: Foul Ball, location: 2F
1-2: Ground out 6-3 (Groundball, 6, EV 81.9 MPH)
Batting: RHB Pat Kramer 0-0: Ball
1-0: Called Strike
1-1: Called Strike
1-2: Strikes out swinging
Top of the 3rd over - 0 runs, 0 hits, 0 errors, 0 left on base; Nolensville 1 - Plymouth 0
BOTTOM OF THE 3RD
Plymouth Rocks batting - Pitching for Nolensville Knights : RHP Joe Holland
Batting: RHB Miguel Rodríguez 0-0: Ball
1-0: Called Strike
1-1: Called Strike
1-2: Ball
2-2: Strikes out swinging
Batting: RHB Miguel Contreras 0-0: Ball
1-0: Foul Ball, location: 2F
1-1: Foul Ball, location: 2F
1-2: Ball
2-2: Ball
3-2: Strikes out looking
Batting: RHB Tony Randolph 0-0: Ball
1-0: Swinging Strike
1-1: Foul Ball, location: 2F
1-2: Foul Ball, location: 2F
1-2: Ball
2-2: Ball
3-2: Base on Balls
Batting: LHB Jesús Guillén 0-0: Ball
1-0: Ball
2-0: Called Strike
2-1: Ball
3-1: Base on Balls
Tony Randolph to second
Batting: RHB Elias den Blick 0-0: Ball
1-0: Swinging Strike
1-1: Foul Ball, location: 2F
1-2: Strikes out swinging
Bottom of the 3rd over - 0 runs, 0 hits, 0 errors, 2 left on base; Nolensville 1 - Plymouth 0
TOP OF THE 4TH
Nolensville Knights batting - Pitching for Plymouth Rocks : RHP Jesús Fernández
Batting: RHB José García 0-0: Called Strike
0-1: Ball
1-1: Ball
2-1: Ball
3-1: Base on Balls
Batting: RHB Carlos Garza 0-0: Ball
1-0: Ball
2-0: Ball
3-0: Base on Balls
José García to second
Batting: RHB Greg Bugarin 0-0: Fly out, F9 (Flyball, 9LSF, EV 88.1 MPH)
Batting: LHB Juan Jimínez 0-0: Foul Ball, location: 2F
0-1: Grounds into double play, 3-6-3 (Groundball, 34D, EV 86.9 MPH)
Top of the 4th over - 0 runs, 0 hits, 0 errors, 1 left on base; Nolensville 1 - Plymouth 0
BOTTOM OF THE 4TH
Plymouth Rocks batting - Pitching for Nolensville Knights : RHP Joe Holland
Batting: RHB Chris McBride 0-0: Ball
1-0: Foul Ball, location: 2F
1-1: Ball
2-1: Ball
3-1: Base on Balls
Batting: LHB Mihai Dumitru 0-0: Ball
1-0: Called Strike
1-1: Ball
2-1: Called Strike
2-2: Strikes out swinging
Batting: RHB Curt Taylor 0-0: Ground out 6-3 (Groundball, 6, EV 80.0 MPH)
Chris McBride to second
Batting: RHB António Avery 0-0: Called Strike
0-1: Hit by Pitch
Batting: RHB Miguel Rodríguez 0-0: Ball
1-0: Ball
2-0: Fielders Choice at 2nd, 6-4 (Groundball, 6, EV 98.1 MPH)
Bottom of the 4th over - 0 runs, 0 hits, 0 errors, 2 left on base; Nolensville 1 - Plymouth 0
TOP OF THE 5TH
Nolensville Knights batting - Pitching for Plymouth Rocks : RHP Jesús Fernández
Batting: RHB Ace Felder 0-0: Ball
1-0: Ball
2-0: Ball
3-0: Base on Balls
Batting: LHB Brenton Winston 0-0: Sac Bunt to 25 - play at first, batter OUT! 5-3
Ace Felder to second
Batting: LHB Ánibal Leobardo 0-0: Foul Ball, location: 2F
0-1: Ball
1-1: Ball
2-1: Foul Ball, location: 2F
2-2: Ball
3-2: Base on Balls
Batting: RHB Juan Perales 0-0: Ball
1-0: Called Strike
1-1: Foul Ball, location: 2F
1-2: Strikes out swinging
Batting: RHB Pat Kramer 0-0: Ball
1-0: Swinging Strike
1-1: Ball
2-1: SINGLE (Line Drive, 56D, EV 98.1 MPH)
Ace Felder to third
Ánibal Leobardo to second
Batting: RHB José García 0-0: Ball
1-0: DOUBLE (Flyball, 78D, EV 93.1 MPH)
Ace Felder scores
Ánibal Leobardo scores
Pat Kramer to third
Runner from 3rd tries for Home, SAFE, no throw by CF
Batting: RHB Carlos Garza 0-0: Foul Ball, location: 2F
0-1: Foul Ball, location: 2F
0-2: Ball
1-2: Ball
2-2: Fly out, F9 (Flyball, 9, EV 87.5 MPH)
Top of the 5th over - 3 runs, 2 hits, 0 errors, 1 left on base; Nolensville 4 - Plymouth 0
BOTTOM OF THE 5TH
Plymouth Rocks batting - Pitching for Nolensville Knights : RHP Joe Holland
Batting: RHB Miguel Contreras 0-0: Ground out 6-3 (Groundball, 6MS, EV 69.4 MPH)
Batting: RHB Tony Randolph 0-0: Called Strike
0-1: Foul Ball, location: 2F
0-2: Ball
1-2: Foul Ball, location: 2F
1-2: DOUBLE (Groundball, 5L, EV 106.2 MPH)
Batting: LHB Jesús Guillén 0-0: Called Strike
0-1: Foul Ball, location: 2F
0-2: Foul Ball, location: 2F
0-2: Ball
1-2: Foul Ball, location: 2F
1-2: Ball
Wild Pitch!
Tony Randolph to third
2-2: Foul Ball, location: 2F
2-2: Ground out 5-3 (Groundball, 56, EV 84.4 MPH)
Tony Randolph scores
Batting: RHB Elias den Blick 0-0: Ball
1-0: Called Strike
1-1: Ball
2-1: Fly out, F9 (Flyball, 89S, EV 88.1 MPH)
Bottom of the 5th over - 1 run, 1 hit, 0 errors, 0 left on base; Nolensville 4 - Plymouth 1
TOP OF THE 6TH
Nolensville Knights batting - Pitching for Plymouth Rocks : RHP Jesús Fernández
Pitching: RHP Cristián Reyes
Batting: RHB Greg Bugarin 0-0: Called Strike
0-1: Foul Ball, location: 2F
0-2: Ball
1-2: Ball
2-2: Ball
3-2: Strikes out swinging
Batting: LHB Juan Jimínez 0-0: Called Strike
0-1: SOLO HOME RUN (Flyball, 89XD, EV 86.2 MPH), Distance : 412 ft
Batting: RHB Ace Felder 0-0: Ball
1-0: Fly out, F8 (Flyball, 8RS, EV 87.5 MPH)
Batting: LHB Brenton Winston 0-0: Foul Ball, location: 2F
0-1: Foul Ball, location: 2F
0-2: Hit by Pitch
Batting: LHB Ánibal Leobardo 0-0: Called Strike
Brenton Winston steals 2nd base
0-1: Ball
1-1: Intentional Walk
Batting: RHB Juan Perales 0-0: Ball
1-0: Swinging Strike
1-1: Foul Ball, location: 2F
1-2: Ball
2-2: Fielders Choice at 2nd, 6-4 (Groundball, 6, EV 76.9 MPH)
Top of the 6th over - 1 run, 1 hit, 0 errors, 2 left on base; Nolensville 5 - Plymouth 1
BOTTOM OF THE 6TH
Plymouth Rocks batting - Pitching for Nolensville Knights : RHP Joe Holland
Batting: RHB Chris McBride 0-0: Ball
1-0: Ball
2-0: Ball
3-0: Called Strike
3-1: Fly out, F7 (Flyball, 7, EV 85.0 MPH)
Batting: LHB Mihai Dumitru 0-0: Called Strike
0-1: Swinging Strike
0-2: Ball
1-2: Ball
2-2: Ball
3-2: Strikes out looking
Batting: RHB Curt Taylor 0-0: Fly out, F8 (Flyball, 78S, EV 84.4 MPH)
Bottom of the 6th over - 0 runs, 0 hits, 0 errors, 0 left on base; Nolensville 5 - Plymouth 1
TOP OF THE 7TH
Nolensville Knights batting - Pitching for Plymouth Rocks : RHP Cristián Reyes
Batting: RHB Pat Kramer 0-0: Foul Ball, location: 2F
0-1: Called Strike
0-2: Strikes out swinging
Batting: RHB José García 0-0: Swinging Strike
0-1: Ball
1-1: Ball
2-1: Foul Ball, location: 2F
2-2: Strikes out swinging
Batting: RHB Carlos Garza 0-0: Ball
1-0: Ball
2-0: Called Strike
2-1: Ball
3-1: Base on Balls
Batting: RHB Greg Bugarin 0-0: Swinging Strike
0-1: Foul Ball, location: 2F
0-2: SINGLE (Groundball, 34D, EV 108.1 MPH)
Carlos Garza to second
Runner from 2nd tries for 3rd, SAFE, throw by RF made to third
Batting: LHB Juan Jimínez 0-0: Ground out 4-3 (Groundball, 4, EV 82.5 MPH)
Top of the 7th over - 0 runs, 1 hit, 0 errors, 2 left on base; Nolensville 5 - Plymouth 1
BOTTOM OF THE 7TH
Plymouth Rocks batting - Pitching for Nolensville Knights : RHP Joe Holland
Batting: RHB António Avery 0-0: Called Strike
0-1: Ground out 6-3 (Groundball, 4M, EV 85.6 MPH)
Batting: RHB Miguel Rodríguez 0-0: Called Strike
0-1: Ball
1-1: Fly out, F3 (Popup, 3F, EV 61.9 MPH)
Batting: RHB Miguel Contreras 0-0: Ball
1-0: SOLO HOME RUN (Flyball, 7LD, EV 91.9 MPH), Distance : 380 ft
Batting: RHB Tony Randolph 0-0: Ground out 6-3 (Groundball, 6, EV 98.1 MPH)
Bottom of the 7th over - 1 run, 1 hit, 0 errors, 0 left on base; Nolensville 5 - Plymouth 2
TOP OF THE 8TH
Nolensville Knights batting - Pitching for Plymouth Rocks : RHP Cristián Reyes
Batting: RHB Ace Felder 0-0: Foul Ball, location: 2F
0-1: Ball
1-1: Swinging Strike
1-2: Foul Ball, location: 2F
1-2: Ball
2-2: Ball
3-2: Base on Balls
Pitching: LHP Jason Gilbert
Batting: LHB Brenton Winston 0-0: Ball
1-0: Bunted foul
1-1: Bunted foul
1-2: Foul Ball, location: 2F
1-2: Ball
2-2: Ball
3-2: Foul Ball, location: 2F
3-2: Base on Balls
Ace Felder to second
Batting: LHB Ánibal Leobardo 0-0: Fly out, F9 (Flyball, 9D, EV 73.1 MPH)
Batting: RHB Juan Perales 0-0: Ball
1-0: Called Strike
1-1: Foul Ball, location: 2F
1-2: Strikes out swinging
Batting: RHB Pat Kramer 0-0: Foul Ball, location: 2F
0-1: Ball
1-1: Foul Ball, location: 2F
1-2: Foul Ball, location: 2F
1-2: Ball
2-2: Ground out 4-3 (Groundball, 4, EV 90.0 MPH)
Top of the 8th over - 0 runs, 0 hits, 0 errors, 2 left on base; Nolensville 5 - Plymouth 2
BOTTOM OF THE 8TH
Plymouth Rocks batting - Pitching for Nolensville Knights : RHP Joe Holland
Batting: LHB Jesús Guillén 0-0: Called Strike
0-1: Ground out 4-3 (Groundball, 4M, EV 81.9 MPH)
Batting: RHB Elias den Blick 0-0: Called Strike
0-1: Ball
1-1: Ball
2-1: Ball
3-1: Base on Balls
Batting: RHB Chris McBride 0-0: Called Strike
0-1: Ball
1-1: Ball
2-1: Ball
3-1: Base on Balls
Elias den Blick to second
Batting: LHB Mihai Dumitru 0-0: Swinging Strike
0-1: Grounds into double play, 6-4-3 (Groundball, 6M, EV 105.6 MPH)
Bottom of the 8th over - 0 runs, 0 hits, 0 errors, 1 left on base; Nolensville 5 - Plymouth 2
TOP OF THE 9TH
Nolensville Knights batting - Pitching for Plymouth Rocks : LHP Jason Gilbert
Batting: RHB José García 0-0: Ball
1-0: Ball
2-0: Called Strike
2-1: Fly out, F8 (Flyball, 8RM, EV 91.9 MPH)
Batting: RHB Carlos Garza 0-0: Reached on error, E9 (Flyball, 89D, EV 99.4 MPH)
Batting: RHB Greg Bugarin 0-0: Intentional Walk
Batting: LHB Juan Jimínez 0-0: TRIPLE (Flyball, 8LXD, EV 110.6 MPH)
Carlos Garza scores
Greg Bugarin scores
Batting: RHB Ace Felder 0-0: Called Strike
0-1: Ball
1-1: Foul Ball, location: 2F
1-2: Ball
2-2: Fly out, F8 (Flyball, 8RXD, EV 100.6 MPH)
Runner from 3rd tags up, SCORES, no throw by CF
Batting: LHB Brenton Winston 0-0: Ball
1-0: Ball
2-0: SINGLE (Line Drive, 9LS, EV 101.9 MPH)
Batting: LHB Ánibal Leobardo 0-0: Ball
1-0: Foul Ball, location: 2F
1-1: Swinging Strike
1-2: Strikes out swinging
Top of the 9th over - 3 runs, 2 hits, 1 error, 1 left on base; Nolensville 8 - Plymouth 2
BOTTOM OF THE 9TH
Plymouth Rocks batting - Pitching for Nolensville Knights : RHP Joe Holland
Batting: RHB Curt Taylor 0-0: Ball
1-0: Called Strike
1-1: Fly out, F8 (Flyball, 8LM, EV 82.5 MPH)
Batting: RHB António Avery 0-0: Ball
1-0: Ball
2-0: Called Strike
2-1: Ball
3-1: Base on Balls
Batting: RHB Miguel Rodríguez 0-0: Ball
1-0: Called Strike
1-1: Ball
2-1: Ball
3-1: Base on Balls
António Avery to second
Batting: RHB Miguel Contreras 0-0: Ball
1-0: Ball
2-0: Ball
3-0: Base on Balls
António Avery to third
Miguel Rodríguez to second
Batting: RHB Tony Randolph 0-0: Ball
1-0: Called Strike
1-1: Foul Ball, location: 2F
1-2: Ball
2-2: Foul Ball, location: 2F
2-2: Grounds into double play, 6-4-3 (Groundball, 6, EV 85.0 MPH)
Bottom of the 9th over - 0 runs, 0 hits, 0 errors, 2 left on base; Nolensville 8 - Plymouth 2
Tuesday, January 5th, 2021 - OOTP Baseball 20.8 Build 74